 Dungeon Crawl Stone Soup version 0.29-a0-973-gac7da5f7f0 (webtiles) character file.

Game seed: 8499076320203937240

354626 Zonian the Unseen (level 21, -9/168 HPs)
             Began as a Demonspawn Ice Elementalist on July 19, 2022.
             Was an Initiate of Gozag.
             Shot with a bolt by a yaktaur captain (13 damage)
             ... on level 5 of the Vaults on July 31, 2022.
             The game lasted 04:53:39 (78731 turns).

Zonian the Unseen (Demonspawn Ice Elementalist)    Turns: 78731, Time: 04:53:45

Health: -9/168     AC: 10    Str: 15    XL:     21   Next: 36%
Magic:  0/49       EV: 24    Int: 16    God:    Gozag
Gold:   1235       SH: 16    Dex: 41    Spells: 6/50 levels left

rFire   + . .      SeeInvis .   R - +11 long sword of the Threshing Gods {flame, rElec Dex+4}
rCold   . . .      Faith    .   y - +3 buckler {reflect}
rNeg    + + .      Spirit   +   V - +1 robe "Viom" {MP+9 Dex+3 Stlth-}
rPois   +          Reflect  +   (helmet unavailable)
rElec   +          Harm     .   q - scarf {repulsion}
rCorr   +          Rampage  .   j - +0 pair of gloves "Lol Rira" {rCorr Str+4 Stlth+}
Will    +....                   l - +1 pair of boots of Fortitude {rElec rN+} Stlth **++++++++
                                K - amulet "Nacej" {Spirit rPois Int-2 Dex+3 Stlth+}
HPRegen 0.38/turn               P - +4 ring of slaying
MPRegen 0.31/turn               i - ring "Umeossil" {rPois rF+ rN+ Dex+4 Slay+4}

@: mighty, marked, gold aura, bribing [the Vaults], repel missiles
A: horns 3, thin skeletal structure 3, icemail 1, powered by pain 2,
condensation shield, bedeviling
}: 2/15 runes: decaying, serpentine
a: Renounce Religion, Potion Petition, Call Merchant, Bribe Branch


You were on level 5 of the Vaults.
You worshipped Gozag.
Gozag was most pleased with you.
You visited 8 branches of the dungeon, and saw 39 of its levels.
You visited the Abyss 1 time.
You visited 1 bazaar.

You collected 17909 gold pieces.
You spent 9287 gold pieces at shops.
You paid 7387 gold pieces to Gozag.

Inventory:

Hand Weapons
 h - the +8 dagger "Ilyemepi" {freeze, rPois rF+ rN++ Will+}
   (You found it on level 4 of the Dungeon)

   It freezes those it strikes, dealing additional cold damage.
   It can also slow down cold-blooded creatures.
   rF:        It protects you from fire.
   rPois:     It protects you from poison.
   rN:        It greatly protects you from negative energy.
   Will:      It increases your willpower.
 r - the +4 dagger "Ceochohu" {protect, Stlth+}
   (You bought it in a shop in a bazaar)

   It grants its wielder temporary protection when it strikes (+7 to AC).
   Stlth:     It makes you more stealthy.
 s - the +4 war axe of Nuhimed {flame, Int+5}
   (You bought it in a shop in a bazaar)

   It burns those it strikes, dealing additional fire damage.
   Big, fiery blades are also staple armaments of hydra-hunters.
   Int:       It affects your intelligence (+5).
 I - a +7 sling of freezing
 R - the +11 long sword of the Threshing Gods (weapon) {flame, rElec Dex+4}
   (You took it off a deep elf death mage on level 3 of the Elven Halls)

   It burns those it strikes, dealing additional fire damage.
   Big, fiery blades are also staple armaments of hydra-hunters.
   Dex:       It affects your dexterity (+4).
   rElec:     It insulates you from electricity.
Missiles
 a - 9 curare-tipped darts
 v - a throwing net
 B - 10 boomerangs of dispersal
 O - 4 silver javelins
Armour
 j - the +0 pair of gloves "Lol Rira" (worn) {rCorr Str+4 Stlth+}
   (You found it on level 14 of the Dungeon)

   Str:       It affects your strength (+4).
   rCorr:     It protects you from acid and corrosion.
   Stlth:     It makes you more stealthy.
 l - the +1 pair of boots of Fortitude (worn) {rElec rN+}
   (You bought it in a shop on level 15 of the Dungeon)

   rElec:     It insulates you from electricity.
   rN:        It protects you from negative energy.
 o - a +2 pair of boots of flying
 q - a scarf of repulsion (worn)
 y - a +3 buckler of reflection (worn)
 V - the +1 robe "Viom" (worn) {MP+9 Dex+3 Stlth-}
   (You found it on level 3 of the Lair of Beasts)

   Dex:       It affects your dexterity (+3).
   MP:        It affects your magic capacity (+9).
   Stlth:     It makes you less stealthy.
Jewellery
 i - the ring "Umeossil" (right hand) {rPois rF+ rN+ Dex+4 Slay+4}
   (You found it on level 1 of the Swamp)

   [ring of slaying]

   Dex:       It affects your dexterity (+4).
   Slay:      It affects your accuracy & damage with ranged weapons and melee
   (+4).
   rF:        It protects you from fire.
   rPois:     It protects you from poison.
   rN:        It protects you from negative energy.
 k - a +6 ring of strength
 m - the ring of Meudargha {Will+ Str+6 Stlth+}
   (You took it off a deep elf death mage on level 3 of the Elven Halls)

   [ring of strength]

   Str:       It affects your strength (+6).
   Will:      It increases your willpower.
   Stlth:     It makes you more stealthy.
 A - a ring of see invisible
 C - a ring of ice
 K - the amulet "Nacej" (around neck) {Spirit rPois Int-2 Dex+3 Stlth+}
   (You took it off a deep elf annihilator on level 3 of the Elven Halls)

   [amulet of guardian spirit]

   It causes incoming damage to be divided between your reserves of health and
   magic.
   Int:       It affects your intelligence (-2).
   Dex:       It affects your dexterity (+3).
   rPois:     It protects you from poison.
   Stlth:     It makes you more stealthy.
 N - a ring of magical power
 P - a +4 ring of slaying (left hand)
 S - a +4 ring of evasion
Wands
 b - a wand of light (6)
 u - a wand of digging (17)
 w - a wand of mindburst (3)
 z - a wand of flame (21)
 U - a wand of charming (24)
Scrolls
 n - 2 scrolls of teleportation
 F - a scroll of summoning
 T - 3 scrolls of magic mapping
 W - 5 scrolls of fear
 Y - 4 scrolls of poison
Potions
 d - 5 potions of haste
 f - 14 potions of curing
 g - 6 potions of heal wounds
 p - 2 potions of cancellation
 t - 6 potions of resistance
 x - 2 potions of magic
 E - 4 potions of brilliance
 J - 4 potions of might
 L - 5 potions of berserk rage
 Q - 6 potions of ambrosia
 Z - 3 potions of invisibility
Miscellaneous
 c - a tin of tremorstones (2/2)
 e - a lightning rod (4/4)
 M - a condenser vane
 X - a phantom mirror


   Skills:
 - Level 15.0 Fighting
 - Level 10.0(11.6) Short Blades
 + Level 9.6(11.5) Long Blades
 - Level 8.9 Ranged Weapons
 - Level 8.0 Dodging
 - Level 17.3 Stealth
 - Level 4.0 Shields
 - Level 15.0 Spellcasting
 - Level 8.0 Conjurations
 - Level 8.7 Necromancy
 - Level 10.0 Translocations
 - Level 10.0 Ice Magic
 - Level 8.0 Air Magic
 - Level 5.0 Earth Magic
 - Level 10.0 Poison Magic
 - Level 8.0 Evocations


You had 6 spell levels left.
You knew the following spells:

 Your Spells              Type           Power      Damage    Failure   Level
a - Freeze                Ice            100%       1d11      1%          1
b - Frozen Ramparts       Ice            88%        1d10      1%          3
c - Ozocubu's Armour      Ice            44%        N/A       1%          3
d - Blink                 Tloc           88%        N/A       1%          2
e - Hailstorm             Conj/Ice       40%        3d10      1%          4
f - Vampiric Draining     Necr           39%        2d8       1%          3
g - Mephitic Cloud        Conj/Pois/Air  39%        N/A       1%          3
h - Stone Arrow           Conj/Erth      64%        3d11      1%          3
i - Lesser Beckoning      Tloc           44%        N/A       1%          3
j - Airstrike             Air            18%        0-7+      2%          4
k - Olgreb's Toxic Radia  Pois           44%        N/A       1%          4
l - Dispel Undead         Necr           39%        3d16      1%          4
m - Swiftness             Air            37%        N/A       1%          3
n - Iskenderun's Mystic   Conj/Tloc      40%        2d9       1%          4

Your spell library contained the following spells:

 Spells                   Type           Power      Damage    Failure   Level
 Apportation              Tloc           88%        N/A       1%          1
 Necrotise                Necr           100%       1d9       1%          1
 Sandblast                Erth           56%        2d13      1%          1
 Shock                    Conj/Air       100%       1d9       1%          1
 Sting                    Tmut/Pois      100%       1d8       1%          1
 Ensorcelled Hibernation  Hex/Ice        84%        N/A       1%          2
 Poisonous Vapours        Pois/Air       80%        N/A       1%          2
 Static Discharge         Conj/Air       37%        3-8/arc   1%          2
 Sublimation of Blood     Necr           39%        N/A       1%          2
 Portal Projectile        Hex/Tloc       84%        N/A       2%          3
 Passwall                 Tmut/Erth      16%        N/A       3%          2
 Manifold Assault         Tloc           44%        N/A       3%          5
 Conjure Flame            Conj/Fire      24%        6-21      4%          3
 Dazzling Flash           Conj/Hex       74%        N/A       4%          3
 Ignite Poison            Fire/Tmut/Pois 22%        N/A       5%          3
 Agony                    Necr           39%        N/A       5%          5
 Freezing Cloud           Conj/Ice/Air   19%        6-21      5%          5
 Slow                     Hex            72%        N/A       7%          1
 Iskenderun's Battlesphe  Conj           37%        2d9       7%          5
 Ice Form                 Ice/Tmut       28%        N/A       9%          4
 Summon Ice Beast         Ice/Summ       28%        N/A       9%          4
 Anguish                  Hex/Necr       19%        N/A       12%         4
 Borgnjor's Vile Clutch   Necr/Erth      16%        N/A       12%         5
 Sticky Flame             Conj/Fire      24%        2d5       13%         4
 Dispersal                Tloc           22%        N/A       17%         6
 Call Canine Familiar     Summ           12%        N/A       21%         3
 Confusing Touch          Hex            18%        N/A       21%         3
 Animate Armour           Summ/Erth      40%        N/A       24%         4
 Alistair's Intoxication  Tmut/Pois      18%        N/A       24%         5
 Metabolic Englaciation   Hex/Ice        21%        N/A       24%         5
 Death Channel            Necr           19%        N/A       30%         6
 Iron Shot                Conj/Erth      16%        9d4       58%         6
 Starburst                Conj/Fire      12%        6d5       90%         6
 Spellforged Servitor     Conj/Summ      12%        N/A       100%        7
 Storm Form               Tmut/Air       12%        N/A       100%        7
 Summon Hydra             Summ           6%         N/A       100%        7
 Lehudib's Crystal Spear  Conj/Erth      16%        10d5      100%        8
 Necromutation            Tmut/Necr      12%        N/A       100%        8
 Polar Vortex             Ice            22%        N/A       100%        9
 Animate Dead             Necr           Unusable   N/A       N/A         4
 Simulacrum               Ice/Necr       Unusable   N/A       N/A         6

Dungeon Overview and Level Annotations

Branches:
Dungeon (15/15)            Temple (1/1) D:6            Lair (5/5) D:9
  Swamp (4/4) Lair:3        Snake (4/4) Lair:3        Slime (0/5) Lair:5
    Orc (2/2) D:10            Elf (3/3) Orc:2        Vaults (5/5) D:13
  Crypt (0/3) Vaults:3     Depths (0/4) D:15

Altars:
Ashenzari
Cheibriados
Dithmenos
Fedhas
Gozag
Hepliaklqana
Kikubaaqudgha
Makhleb
Nemelex Xobeh
Okawaru
Qazlal
Ru
Sif Muna
Trog
Uskayaw
Vehumet
Wu Jian
Xom
Yredelemnul
Jiyva

Shops:
D:5 (   D:11 *   D:15 [*   Orc:2 [*[[   Elf:1 :=:   Elf:2 =   Elf:3 *?*(?
Swamp:1 *   Snake:1 ((*   Snake:4 :

Annotations:
Lair:4 3 runed translucent doors, Daelid's ghost, journeyman MfGl; Nessos; dang3rdave's ghost, journeyman GrAK
Elf:3 2 transporters, IndoAryan's ghost, adept HOMo


Innate Abilities, Weirdness & Mutations

You have a pair of large horns on your head.
You have an unnaturally thin skeletal structure. (Dex +6, Stealth+++)
A meltable icy envelope protects you from harm. (AC +4)
You sometimes gain power by taking damage.
A meltable shield of frost defends you. (SH +4)
Your hexes are more powerful.


Message History

The vault sentinel gestures at you while chanting.
A sentinel's mark forms upon you.
The vault sentinel is distracted by your dazzling golden aura.
The deep elf high priest invokes the aid of its god against you.
Something smites you!
* * * LOW HITPOINT WARNING * * *
The tengu reaver is distracted by your dazzling golden aura.
The yaktaur captain shoots a bolt.
The bolt hits you!!
* * * LOW HITPOINT WARNING * * *
You focus on the pain.
You feel mightier all of a sudden.
The yaktaur captain shoots a bolt.
The bolt misses you.
The bolt hits the ancient lich but does no damage.
The red very ugly thing closely misses you.
The golden dragon bites you.
* * * LOW HITPOINT WARNING * * *
You block the golden dragon's attack. The golden dragon tramples you!
* * * LOW HITPOINT WARNING * * *
You stumble backwards!
You stop ascending the stairs.
The tengu reaver shouts!
Blink to where?
Press: ? - help, Dir - move target An ironbound preserver comes into view.
It is wielding a +0 dire flail.
Found a staff of fire.
As you read the scroll of blinking, it crumbles to dust.
The ironbound preserver mumbles some strange words.
The ironbound preserver begins to accept its allies' injuries.
The yaktaur captain shoots a bolt.
You reflect the bolt off your +3 buckler of reflection!
The bolt hits the yaktaur captain!!!
You kill the yaktaur captain!
Okay, then.
As you read the scroll of summoning, it crumbles to dust.
Wisps of shadow whirl around you...
An ironbound convoker comes into view. It is wielding a +0 dire flail.
The ironbound preserver hits your deep elf demonologist with a +0 dire flail!!
The yaktaur captain shoots a bolt.
The bolt closely misses your lich. The bolt hits you!
You die...
Your body crumbles into a pile of gold.

######WQ...upc#####**************
.......p..ยง........,,,,,,,,,,,,,,
......p.$QuCc......,,,,,,,,,,,,,,
........<.Du.......,,,,,,,,,,,,,,
.......$.c<[.......,,,,,,,,,,,,,,
######.p......#####**************
*,,*#.$$.p[....Q..#,,,,,* *$,,,,*
*,,*#c.#$...#..L..#,,,,,* *,,,,,*
,*#.c###....#...@.#,,,,,* *,,,,,*
,*#$.**#C...#....e#,,,,,***,,,,,*
*.$#*,,#....######p#****,,,*****,
#..**,,#....#,,,,,#..,,,***,,,,,*
.#*,,**#..$.#,,,,,*p..,,* *,,,,,*
,**,,***,,,,*,,,,,*,....* *,,,,,*
*,,**,,*,,,,*,,,,,*,,..|***,,,,,*
*,,**,,*,,,,******,**###,,,*****,
,**,,***,,,,* *,* *$,,* *,


You could see 2 ironbound preservers, a golden dragon, a red very ugly thing
(poisoned), a stone giant (poisoned), a tengu reaver, a yaktaur captain, a brown
ugly thing (ally target), an ironbound convoker (sheltered), a friendly tengu
reaver (summoned), a friendly lich (summoned) and a friendly deep elf
demonologist (summoned).

Vanquished Creatures
  The ghost of rgbqcd the Executioner, a veteran MiBe of Trog (Vaults:1)
  Xtahua (Vaults:4)
  Rupert (D:15)
  Jorgrun (D:12)
  A tentacled monstrosity (Vaults:2)
  3 deep elf blademasters
  5 sphinxes
  A thorn hunter (Swamp:1)
  2 deep elf master archers (Elf:3)
  Gastronok (D:8)
  A storm dragon (Vaults:4)
  2 tengu reavers
  A revenant (Vaults:3)
  10 nagarajas
  2 fenstrider witches
  A fire giant (Vaults:4)
  4 deep elf sorcerers
  4 orc warlords
  The ghost of Taheskul the Blocker, a journeyman DDNe of Uskayaw (D:14)
  2 frost giants
  5 deep elf elementalists (Elf:3)
  8 vault wardens
  15 ironbound preservers
  A war gargoyle (Vaults:2)
  4 ironbound thunderhulks
  2 stone giants
  18 very ugly things
  5 deep elf demonologists
  7 deep elf annihilators
  2 bunyips
  7 dire elephants
  2 eleionomae
  An entropy weaver (Vaults:1)
  An eidolon (Vaults:3)
  4 shambling mangroves
  A quicksilver dragon zombie (Abyss:4)
  9 deep elf death magi
  3 deep elf high priests
  4 fire dragons
  3 ettins
  6 yaktaur captains
  Josephine (D:12)
  Fannar (Lair:3)
  Erolcha (D:12)
  16 hydras
  An ice dragon (D:15)
  5 great orbs of eyes
  25 vault guards
  A salamander tyrant (Snake:4)
  A rakshasa (D:14)
  6 anacondas
  A ghost crab (Swamp:2)
  Erica (Lair:1)
  8 boulder beetles
  A death knight (Vaults:3)
  9 centaur warriors
  5 ogre magi
  10 ironbound frosthearts
  12 naga warriors
  3 alligators
  22 two-headed ogres
  11 death yaks
  4 shock serpents
  23 dancing weapons
  7 naga sharpshooters
  An orc high priest (D:14)
  2 sun demons (Abyss:4)
  3 thrashing horrors (Abyss:4)
  Sonja (D:11)
  Amaemon (D:8)
  13 deep elf knights
  4 skeletal warriors (D:14)
  An iron troll (D:13)
  3 fire crabs (Swamp:4)
  6 large abominations (Abyss:4)
  6 goliath frogs
  4 salamander mystics
  6 sea snakes (Snake:4)
  A glowing orange brain (Vaults:2)
  An orb spider (shapeshifter) (Vaults:3)
  3 naga ritualists
  6 swamp dragons
  23 deep trolls
  4 spriggan druids
  Pikel (D:8)
  2 phantasmal warriors
  14 ironbound convokers
  5 lindwurms
  A harpy (Vaults:4)
  4 bog bodies
  4 wizards
  11 deep elf archers
  18 deep elf pyromancers
  5 mana vipers
  A wolf spider zombie (D:8)
  31 deep elf zephyrmancers
  4 orc knights
  A mana viper (shapeshifter) (Vaults:1)
  A wolf spider (shapeshifter) (Elf:3)
  A wolf spider (D:14)
  5 will-o-the-wisps
  24 ugly things
  2 orc sorcerers
  19 salamanders
  4 cyclopes
  A moth of wrath (shapeshifter) (Vaults:1)
  11 elephants
  2 centaur zombies (D:8)
  Maurice (D:8)
  14 naga magi
  13 vault sentinels
  23 black mambas
  21 cane toads
  2 guardian serpents (Snake:4)
  An orange demon (D:8)
  3 gargoyles
  2 unseen horrors
  3 centaur skeletons (D:8)
  6 komodo dragons
  14 yaktaurs
  2 hellwings (D:8)
  A redback zombie (D:8)
  3 freezing wraiths
  2 efreet
  A meliai (D:14)
  3 rime drakes
  2 ancient zymes (Abyss:4)
  A bloated husk (Swamp:1)
  2 polar bears
  8 trolls
  15 tyrant leeches
  A tarantella (shapeshifter) (Elf:2)
  49 slime creatures
  18 blink frogs
  4 raiju (Abyss:4)
  13 hornets
  A raiju (shapeshifter) (Elf:3)
  A centaur simulacrum (D:15)
  3 water elementals
  5 air elementals
  A culicivora (shapeshifter) (D:13)
  7 spriggans
  A shadow (D:11)
  8 wraiths
  A flying skull (Vaults:3)
  2 wyverns (Lair:3)
  2 ynoxinuls (Abyss:4)
  3 fire bats (Swamp:4)
  2 chaos spawn (Abyss:4)
  4 fire elementals
  6 basilisks
  40 yaks
  14 vampire mosquitoes
  3 steam dragons (Swamp:4)
  A redback (shapeshifter) (Vaults:1)
  3 wargs (Orc:1)
  Menkaure (D:5)
  3 small abominations (Abyss:4)
  25 swamp worms
  33 nagas
  Duvessa (D:6)
  23 orc warriors
  25 water moccasins
  2 ice beasts (D:8)
  26 ogres
  13 swamp drakes
  A black bear (D:6)
  4 sky beasts
  2 boggarts
  6 wolves
  14 centaurs
  3 lemures (D:8)
  15 bullfrogs
  3 kobold brigands
  3 earth elementals
  18 wights
  4 scorpions
  Dowan (D:6)
  3 howler monkeys
  2 electric eels (Lair:5)
  7 orc priests
  A jelly (D:4)
  A gnoll bouda (Orc:2)
  6 iguanas
  24 orc wizards
  11 gnolls
  27 adders
  8 shadow imps
  An ufetubus (D:6)
  3 dart slugs
  57 orcs
  5 endoplasms
  A giant cockroach (D:1)
  2 goblins
  6 hobgoblins
  10 jackals
  22 kobolds
  3 quokkas
  5 ball pythons
  3 bats
  3 frilled lizards
  8 rats
  2 briar patches (Swamp:1)
1372 creatures vanquished.

Vanquished Creatures (collateral kills)
  A quicksilver dragon (Vaults:5)
  A tengu reaver (Vaults:5)
  A storm dragon (Vaults:5)
  A deep elf demonologist (Vaults:1)
  A yaktaur captain (Vaults:5)
  2 vault guards (Vaults:4)
  A harpy (Vaults:5)
8 creatures vanquished.

Vanquished Creatures (others)
  A frost giant (Vaults:5)
  A stone giant (Vaults:5)
  A war gargoyle (Vaults:5)
  An ettin (Vaults:5)
  3 vault guards (Vaults:5)
  2 deep elf knights (Elf:2)
  A deep elf archer (Elf:2)
  A deep elf pyromancer (Elf:2)
  A freezing wraith (Vaults:5)
  A yaktaur (Vaults:3)
  A bloated husk (Swamp:4)
  A steam dragon (Swamp:4)
  3 swamp drakes (Swamp:4)
  An ogre (Orc:1)
  An orc (Orc:1)
  A briar patch (Swamp:1)
  A bush (Elf:1)
  23 foxfires
  26 fungi
  92 plants
  5 withered plants (D:8)
168 creatures vanquished.

Grand Total: 1548 creatures vanquished

Notes
Turn   | Place    | Note
-------+----------+-------------------------------------------
     0 | D:1      | Zonian the Demonspawn Ice Elementalist began the quest for
                  | the Orb.
     0 | D:1      | Reached XP level 1. HP: 13/13 MP: 3/3
   203 | D:1      | Reached skill level 2 in Stealth
   205 | D:1      | Gained mutation: You have a somewhat thin skeletal
                  | structure. (Dex +2, Stealth+) [demonic ancestry]
   205 | D:1      | Reached XP level 2. HP: 6/19 MP: 3/5
  1006 | D:1      | Found a faded altar of an unknown god.
  1337 | D:1      | Reached XP level 3. HP: 24/24 MP: 2/6
  2028 | D:1      | Learned a level 3 spell: Frozen Ramparts
  2420 | D:2      | Reached XP level 4. HP: 17/30 MP: 4/7
  3318 | D:3      | Reached skill level 3 in Stealth
  3318 | D:3      | Gained mutation: A meltable shield of frost defends you.
                  | (SH +4) [demonic ancestry]
  3318 | D:3      | Reached XP level 5. HP: 30/35 MP: 6/9
  4309 | D:4      | Learned a level 3 spell: Ozocubu's Armour
  4893 | D:4      | Identified the +8 dagger "Ilyemepi" {freeze, rPois rF+ rN++
                  | Will+}
  4934 | D:4      | Gained mutation: You have a pair of small horns on your
                  | head. [demonic ancestry]
  4934 | D:4      | Reached XP level 6. HP: 29/41 MP: 7/11
  5033 | D:5      | Entered Level 5 of the Dungeon
  5514 | D:5      | Noticed an ice beast
  5539 | D:5      | Noticed Menkaure
  5621 | D:5      | Found Paaqaida's Antique Weapon Shoppe.
  6157 | D:5      | Killed Menkaure
  6158 | D:5      | Reached skill level 5 in Ice Magic
  6348 | D:5      | Reached skill level 5 in Spellcasting
  6348 | D:5      | Reached XP level 7. HP: 46/46 MP: 14/14
  6829 | D:6      | Identified the +6 whip of Qeipru Ciam {elec, Str+6}
  6906 | D:6      | Noticed Duvessa
  7081 | D:6      | Reached XP level 8. HP: 52/52 MP: 15/15
  7109 | D:6      | Found a staircase to the Ecumenical Temple.
  7156 | Temple   | Entered the Ecumenical Temple
  7348 | Temple   | Became a worshipper of Gozag Ym Sagoz the Greedy
  7414 | D:6      | Noticed a two-headed ogre
  7616 | D:6      | Reached skill level 1 in Short Blades
  7963 | D:6      | Killed a two-headed ogre
  7964 | D:6      | Reached skill level 5 in Short Blades
  8200 | D:7      | Noticed a troll
  8206 | D:7      | Killed a troll
  8207 | D:7      | Reached XP level 9. HP: 42/57 MP: 8/16
  8872 | D:7      | Found a sacrificial altar of Ru.
  8971 | D:7      | Reached skill level 4 in Stealth
  9384 | D:7      | Reached skill level 5 in Stealth
  9579 | D:8      | Noticed an orange demon
  9583 | D:8      | Reached skill level 6 in Stealth
  9669 | D:8      | Noticed Pikel
  9898 | D:8      | Reached skill level 7 in Stealth
  9902 | D:8      | Noticed a hellwing
  9923 | D:8      | Killed a hellwing
  9924 | D:8      | Reached skill level 8 in Stealth
 10406 | D:8      | Reached skill level 1 in Shields
 10406 | D:8      | Gained mutation: You sometimes gain a little power by
                  | taking damage. [demonic ancestry]
 10406 | D:8      | Reached XP level 10. HP: 20/63 MP: 1/17
 10420 | D:8      | Reached skill level 9 in Stealth
 10918 | D:8      | Noticed Amaemon
 11087 | D:8      | Noticed Maurice
 11370 | D:8      | Reached skill level 10 in Stealth
 11605 | D:8      | Noticed Gastronok
 11747 | D:8      | Killed Pikel
 11748 | D:8      | Reached skill level 11 in Stealth
 11957 | D:9      | Found an iron altar of Okawaru.
 11959 | D:9      | Found a blossoming altar of Fedhas.
 11962 | D:9      | Found a hazy altar of Hepliaklqana.
 12106 | D:9      | Found a staircase to the Lair.
 12106 | D:9      | Noticed an elephant
 12613 | D:9      | Killed an elephant
 12614 | D:9      | Reached XP level 11. HP: 60/68 MP: 18/18
 12690 | D:9      | Reached skill level 12 in Stealth
 13056 | Lair:1   | Entered Level 1 of the Lair of Beasts
 13093 | Lair:1   | Reached skill level 10 in Short Blades
 13284 | Lair:1   | Noticed Erica
 13301 | Lair:1   | Killed Erica
 13302 | Lair:1   | Reached skill level 13 in Stealth
 13449 | Lair:1   | Reached skill level 14 in Stealth
 14206 | Lair:2   | Reached skill level 15 in Stealth
 14629 | Lair:2   | Noticed a four-headed hydra
 14644 | Lair:2   | Killed a four-headed hydra
 14645 | Lair:2   | Reached skill level 16 in Stealth
 14645 | Lair:2   | Gained mutation: You have a moderately thin skeletal
                  | structure. (Dex +4, Stealth++) [demonic ancestry]
 14645 | Lair:2   | Reached XP level 12. HP: 49/74 MP: 15/19
 15897 | Lair:2   | Reached skill level 17 in Stealth
 16262 | Lair:3   | Upgraded the game from 0.29-a0-872-g797fff5ad1 to
                  | 0.29-a0-878-g7b45a56547
 16272 | Lair:3   | Identified the +1 robe "Viom" {MP+9 Dex+3 Stlth-}
 16407 | Lair:3   | Noticed a six-headed hydra
 16425 | Lair:3   | Reached skill level 1 in Fighting
 16427 | Lair:3   | Killed a six-headed hydra
 16462 | Lair:3   | Noticed Fannar
 16519 | Lair:3   | Learned a level 2 spell: Blink
 16524 | Lair:3   | Learned a level 4 spell: Hailstorm
 16546 | Lair:3   | Noticed an eight-headed hydra
 16554 | Lair:3   | Killed an eight-headed hydra
 16555 | Lair:3   | Reached skill level 1 in Translocations
 16708 | Lair:3   | Found a staircase to the Snake Pit.
 16820 | Lair:3   | Identified the amulet of Mihopp {Regen+ Dex+4}
 16974 | Lair:3   | Identified the +3 plate armour of the Quahog {Regen+ Dex+6
                  | SInv Stlth-}
 17011 | Lair:3   | You fall into a shaft and drop 2 floors!
 17011 | Lair:5   | Entered Level 5 of the Lair of Beasts
 17011 | Lair:5   | Found a viscous altar of Jiyva.
 17011 | Lair:5   | Found a staircase to the Slime Pits.
 17159 | Lair:3   | Found a staircase to the Swamp.
 17280 | Lair:4   | Noticed Nessos
 17530 | Lair:4   | Noticed a death yak
 17530 | Lair:4   | Noticed a death yak
 17803 | Lair:4   | Found a runed translucent gate.
 17804 | Lair:4   | Found a runed translucent gate.
 17806 | Lair:4   | Found a runed translucent gate.
 17814 | Lair:4   | Noticed dang3rdave's ghost (journeyman GrAK)
 17814 | Lair:4   | Noticed Daelid's ghost (journeyman MfGl)
 17875 | Lair:4   | Noticed a death yak
 17876 | Lair:4   | Noticed a death yak
 17877 | Lair:4   | Noticed a death yak
 17907 | Lair:4   | Killed a death yak
 17916 | Lair:4   | Killed a death yak
 17924 | Lair:4   | Killed a death yak
 17925 | Lair:4   | Reached skill level 5 in Fighting
 17931 | Lair:4   | Killed a death yak
 17934 | Lair:4   | Killed a death yak
 17935 | Lair:4   | Reached XP level 13. HP: 52/91 MP: 17/21
 18887 | Lair:5   | Reached skill level 5 in Translocations
 20951 | Lair:5   | Identified a scroll of acquirement
 20952 | Lair:5   | Acquired the +0 mask of the Dragon {Will+ Slay+3 SInv}
 20952 | Lair:5   | Found the +0 mask of the Dragon {Will+ Slay+3 SInv}
 21707 | Lair:3   | Killed Fannar
 22077 | D:10     | Entered Level 10 of the Dungeon
 22153 | D:10     | Found a staircase to the Orcish Mines.
 22247 | D:10     | Gained mutation: You have a pair of horns on your head.
                  | [demonic ancestry]
 22247 | D:10     | Reached XP level 14. HP: 106/107 MP: 27/27
 23090 | D:11     | Reached skill level 1 in Conjurations
 23331 | D:11     | Bought a potion of resistance for 170 gold pieces
 23331 | D:11     | Bought a wand of mindburst (6) for 142 gold pieces
 23694 | D:11     | Noticed Sonja
 23701 | D:11     | Killed Sonja
 24322 | D:12     | Identified the +6 quarterstaff of Jijogity {vorpal, Str+2}
 24546 | D:12     | Noticed Jorgrun
 24550 | D:12     | Killed Jorgrun
 24593 | D:12     | Reached skill level 10 in Fighting
 24870 | D:12     | Noticed Erolcha
 24921 | D:12     | Killed Erolcha
 25296 | D:12     | Noticed Josephine
 25302 | D:12     | Killed Josephine
 25615 | D:12     | Reached skill level 10 in Spellcasting
 25856 | D:13     | Found a broken altar of Ashenzari.
 25934 | D:13     | Reached skill level 5 in Conjurations
 26376 | D:13     | Reached skill level 1 in Evocations
 27169 | D:13     | Found a gate to the Vaults.
 27400 | D:14     | Found a runed translucent door.
 27400 | D:14     | Noticed Taheskul's ghost (journeyman DDNe)
 27401 | D:14     | Identified the +5 trident "Ynutivil" {drain, rPois}
 27461 | D:14     | Reached skill level 5 in Evocations
 28849 | D:15     | Entered Level 15 of the Dungeon
 29035 | D:15     | Bought a runed sling for 153 gold pieces
 29036 | D:15     | Bought a wand of mindburst (5) for 238 gold pieces
 29076 | D:15     | Found Momoat's Antique Armour Shop.
 29086 | D:15     | Bought a pair of distressingly furry boots for 370 gold
                  | pieces
 29086 | D:15     | Identified the +1 pair of boots of Fortitude {rElec rN+}
                  | (You bought it in a shop on level 15 of the Dungeon)
 29380 | D:15     | Reached skill level 1 in Ranged Weapons
 29449 | D:15     | Noticed Rupert
 29659 | D:14     | Gained mutation: You sometimes gain power by taking damage.
                  | [demonic ancestry]
 29659 | D:14     | Reached XP level 15. HP: 109/115 MP: 29/29
 30225 | D:15     | Killed Rupert
 30384 | D:15     | Found a staircase to the Depths.
 30484 | D:15     | Found a radiant altar of Vehumet.
 30980 | Orc:1    | Entered Level 1 of the Orcish Mines
 31116 | Orc:1    | Noticed an orc warlord
 31127 | Orc:1    | Noticed an orc warlord
 31135 | Orc:1    | Killed an orc warlord
 31156 | Orc:1    | Killed an orc warlord
 31607 | Orc:2    | Entered Level 2 of the Orcish Mines
 32090 | Orc:2    | Reached skill level 5 in Ranged Weapons
 32816 | Orc:2    | Found Voliotul's General Store.
 32816 | Orc:2    | Found Edolaish's Armour Shop.
 32816 | Orc:2    | Found Wemul's Antique Armour Boutique.
 32816 | Orc:2    | Found Uleotegh's Antique Armour Emporium.
 32823 | Orc:2    | Bought a scroll of summoning for 171 gold pieces
 32823 | Orc:2    | Bought a wand of iceblast (4) for 172 gold pieces
 32823 | Orc:2    | Bought a throwing net for 54 gold pieces
 32823 | Orc:2    | Bought a potion of heal wounds for 90 gold pieces
 32823 | Orc:2    | Bought a lightning rod (4/4) for 540 gold pieces
 32834 | Orc:2    | Bought a pair of runed gloves for 217 gold pieces
 32838 | Orc:2    | Bought a steaming scale mail for 243 gold pieces
 32838 | Orc:2    | Identified the +0 scale mail of Pride {+Inv rElec Int-4}
                  | (You bought it in a shop on level 2 of the Orcish Mines)
 33131 | Orc:2    | Reached skill level 10 in Ice Magic
 33376 | Orc:2    | Found a staircase to the Elven Halls.
 33661 | Snake:1  | Entered Level 1 of the Snake Pit
 33738 | Snake:1  | Found Iteagoha's Weapon Shoppe.
 33746 | Snake:1  | Found Anuarren's General Store.
 33754 | Snake:1  | Bought a wand of flame (8) for 84 gold pieces
 33754 | Snake:1  | Bought a scroll of teleportation for 45 gold pieces
 34332 | Snake:1  | Found Fefonwow's Antique Weapon Boutique.
 34361 | Snake:1  | Bought a crude short sword for 168 gold pieces
 34361 | Snake:1  | Identified the +4 short sword "Impslayer" {elec, rC+ Str+4
                  | Stlth+} (You bought it in a shop on level 1 of the Snake
                  | Pit)
 34549 | Snake:2  | Gained mutation: You have an unnaturally thin skeletal
                  | structure. (Dex +6, Stealth+++) [demonic ancestry]
 34549 | Snake:2  | Reached XP level 16. HP: 122/122 MP: 30/30
 36770 | Snake:2  | Upgraded the game from 0.29-a0-878-g7b45a56547 to
                  | 0.29-a0-885-gb26ba3297d
 36774 | Snake:2  | Learned a level 3 spell: Vampiric Draining
 36937 | Snake:3  | Reached skill level 1 in Necromancy
 39166 | D:15     | Bought a thick robe for 193 gold pieces
 39166 | D:15     | Identified the +2 robe "Qixkubb" {Dex+7} (You bought it in
                  | a shop on level 15 of the Dungeon)
 39166 | D:15     | Bought a scroll of enchant armour for 255 gold pieces
 39462 | Snake:4  | Entered Level 4 of the Snake Pit
 39470 | Snake:4  | Reached skill level 5 in Necromancy
 40237 | Snake:4  | Found Ygocsy's Book Emporium.
 40553 | Snake:4  | Bought a book of Armaments for 684 gold pieces
 40553 | Snake:4  | Bought a Trismegistus Codex for 532 gold pieces
 40557 | Snake:4  | Learned a level 3 spell: Mephitic Cloud
 40561 | Snake:4  | Learned a level 3 spell: Stone Arrow
 41440 | Snake:4  | Reached skill level 1 in Earth Magic
 41440 | Snake:4  | Reached skill level 1 in Poison Magic
 43244 | Snake:4  | Upgraded the game from 0.29-a0-885-gb26ba3297d to
                  | 0.29-a0-892-g2c4c91d9db
 44482 | Snake:4  | Reached skill level 5 in Poison Magic
 44766 | Snake:4  | Gained mutation: You have a pair of large horns on your
                  | head. [demonic ancestry]
 44766 | Snake:4  | Reached XP level 17. HP: 107/128 MP: 31/31
 44774 | Snake:4  | Reached skill level 5 in Earth Magic
 45201 | Snake:4  | Got a serpentine rune of Zot
 45941 | Swamp:1  | Entered Level 1 of the Swamp
 45952 | Swamp:1  | Identified the ring "Umeossil" {rPois rF+ rN+ Dex+4 Slay+4}
 46355 | Swamp:1  | Identified the +2 cloak of the Swan {Rampage Will+ Int-4}
 47356 | Swamp:1  | Found Haof's Island Escapes.
 47835 | Swamp:1  | Bought a potion of invisibility for 160 gold pieces
 47835 | Swamp:1  | Bought a scroll of teleportation for 60 gold pieces
 47835 | Swamp:1  | Bought a scroll of teleportation for 60 gold pieces
 47835 | Swamp:1  | Bought a scroll of blinking for 150 gold pieces
 48706 | Swamp:2  | Reached skill level 5 in Dodging
 49317 | Swamp:3  | Identified the +6 trident of Nuife {flame, rCorr Dex+2
                  | Stlth+}
 50050 | Swamp:4  | Entered Level 4 of the Swamp
 52207 | Swamp:4  | Learned a level 3 spell: Lesser Beckoning
 52992 | Swamp:4  | Got a decaying rune of Zot
 53510 | Elf:1    | Entered Level 1 of the Elven Halls
 53612 | Elf:1    | Paralysed by an air elemental for 1 turns
 53616 | Elf:1    | Reached XP level 18. HP: 130/144 MP: 32/32
 55025 | Elf:1    | Found Nyogacas's Book Boutique.
 55027 | Elf:1    | Found Ceagg's Jewellery Emporium.
 55030 | Elf:1    | Found Ceihuc's Book Boutique.
 55044 | Elf:1    | Bought a book of Air for 352 gold pieces
 55049 | Elf:1    | Learned a level 4 spell: Airstrike
 55053 | Elf:1    | Bought a Young Poisoner's Handbook for 320 gold pieces
 55053 | Elf:1    | Bought a book of Winter for 544 gold pieces
 55058 | Elf:1    | Learned a level 4 spell: Olgreb's Toxic Radiance
 55365 | Elf:2    | Reached skill level 1 in Air Magic
 55717 | Elf:2    | Found Keqesog's Jewellery Shop.
 56884 | Elf:2    | Found a huge runed translucent gate.
 56885 | Elf:2    | Found a huge runed translucent gate.
 56885 | Elf:2    | Found a huge runed translucent gate.
 56887 | Elf:2    | Found a huge runed translucent gate.
 56887 | Elf:2    | Found a huge runed translucent gate.
 56983 | Elf:3    | Entered Level 3 of the Elven Halls
 57016 | Elf:3    | Found Gouroal's Magic Scroll Shoppe.
 57024 | Elf:3    | Bought a scroll of blinking for 105 gold pieces
 57024 | Elf:3    | Bought a scroll of teleportation for 42 gold pieces
 57024 | Elf:3    | Bought a scroll of teleportation for 42 gold pieces
 57024 | Elf:3    | Bought a scroll of teleportation for 42 gold pieces
 57024 | Elf:3    | Bought a scroll of enchant armour for 105 gold pieces
 57078 | Elf:3    | Found Istregiv's Assorted Antiques.
 57169 | Elf:3    | Found Mumam's Magic Scroll Boutique.
 57178 | Elf:3    | Bought a scroll of teleportation for 39 gold pieces
 57178 | Elf:3    | Bought a scroll of butterflies for 52 gold pieces
 57178 | Elf:3    | Bought a scroll of blinking for 97 gold pieces
 57187 | Elf:3    | Found Cawop's Weapon Shoppe.
 57240 | Elf:3    | Found a bloodstained altar of Trog.
 57240 | Elf:3    | Noticed IndoAryan's ghost (adept HOMo)
 57246 | Elf:3    | Found a transporter.
 57263 | Elf:3    | Found a transporter.
 57328 | Elf:3    | Reached skill level 15 in Fighting
 57356 | Elf:3    | Found Pulydd's Assorted Antiques.
 57606 | Elf:3    | Identified the +11 long sword of the Threshing Gods {flame,
                  | rElec Dex+4}
 58269 | Elf:3    | Identified the +6 rapier "Viyjat" {drain, rC+}
 58276 | Elf:3    | Reached skill level 5 in Air Magic
 58297 | Elf:3    | Identified the +6 long sword of Ahih {elec, Str+5}
 58297 | Elf:3    | Identified the ring of Meudargha {Will+ Str+6 Stlth+}
 58303 | Elf:3    | Found the +0 staff of Battle
 58889 | Elf:3    | Identified the amulet "Nacej" {Spirit rPois Int-2 Dex+3
                  | Stlth+}
 59423 | Abyss:4  | Cast into level 4 of the Abyss (a deep elf sorcerer)
 59636 | Abyss:4  | Found a corrupted altar of Lugonu.
 59731 | Abyss:4  | Reached XP level 19. HP: 108/155 MP: 33/33
 59768 | Elf:3    | Escaped the Abyss
 60120 | Elf:3    | Got the Essays on Coordinates and Misery
 60126 | Elf:3    | Learned a level 4 spell: Dispel Undead
 60127 | Elf:3    | Got the Encyclopedia of Unholy Deeds and Adjuration
 60437 | Elf:3    | Identified the amulet "Yxzoj" {Spirit rElec}
 61019 | Elf:3    | Bought a scroll of enchant weapon for 255 gold pieces
 61019 | Elf:3    | Bought a scroll of enchant weapon for 255 gold pieces
 61378 | Vaults:1 | Entered Level 1 of the Vaults
 62320 | Vaults:1 | Reached skill level 10 in Poison Magic
 64433 | Vaults:1 | Found a runed translucent gate.
 64433 | Vaults:1 | Found a runed translucent gate.
 64433 | Vaults:1 | Found a runed translucent gate.
 64433 | Vaults:1 | Noticed rgbqcd's ghost (veteran MiBe)
 64474 | Vaults:1 | Killed rgbqcd's ghost
 64560 | Vaults:1 | Got the Papyrus of Macabre Transmogrification
 67728 | Vaults:2 | Gained mutation: A meltable icy envelope protects you from
                  | harm. (AC +4) [demonic ancestry]
 67728 | Vaults:2 | Reached XP level 20. HP: 132/162 MP: 37/37
 68944 | Vaults:3 | Found a gateway to a bazaar.
 68962 | Bazaar   | Entered a bazaar
 68964 | Bazaar   | Found Zieghus's Book Boutique.
 68968 | Bazaar   | Found Tufim's Antique Weapon Boutique.
 68968 | Bazaar   | Found Kiawup's Antique Weapon Boutique.
 68968 | Bazaar   | Found Adugol's General Store.
 68976 | Bazaar   | Bought a potion of resistance for 170 gold pieces
 68976 | Bazaar   | Bought a scroll of teleportation for 51 gold pieces
 68976 | Bazaar   | Bought a potion of heal wounds for 85 gold pieces
 68976 | Bazaar   | Bought a potion of resistance for 170 gold pieces
 68992 | Bazaar   | Bought a masterwork dagger for 196 gold pieces
 68992 | Bazaar   | Identified the +4 dagger "Ceochohu" {protect, Stlth+} (You
                  | bought it in a shop in a bazaar)
 69015 | Bazaar   | Bought the Codex of Iniquitous Mysteries and the Lungs for
                  | 448 gold pieces
 69015 | Bazaar   | Bought a book of Spectacle for 448 gold pieces
 69015 | Bazaar   | Bought a book of Burglary for 280 gold pieces
 69019 | Bazaar   | Learned a level 3 spell: Swiftness
 69024 | Bazaar   | Learned a level 4 spell: Iskenderun's Mystic Blast
 69048 | Bazaar   | Bought a crystal war axe for 238 gold pieces
 69048 | Bazaar   | Identified the +4 war axe of Nuhimed {flame, Int+5} (You
                  | bought it in a shop in a bazaar)
 69062 | Vaults:3 | Upgraded the game from 0.29-a0-892-g2c4c91d9db to
                  | 0.29-a0-923-g6e406bff71
 70028 | Vaults:3 | Identified the +9 glaive "Zomait" {freeze, rElec Will+
                  | Str+4 Int-5}
 70029 | Vaults:3 | Found the +2 hat of the Bear Spirit {Spirit, *Rage Will++}
 70116 | Vaults:3 | Identified the +2 plate armour of Complete Protection {rN+
                  | SInv}
 70762 | Vaults:3 | Reached skill level 15 in Spellcasting
 70766 | Vaults:3 | Found a staircase to the Crypt.
 71668 | Vaults:4 | Reached skill level 1 in Long Blades
 71708 | Vaults:4 | Noticed Xtahua
 71718 | Vaults:4 | Paralysed by Xtahua for 5 turns
 71726 | Vaults:4 | Killed Xtahua
 72970 | Vaults:4 | Upgraded the game from 0.29-a0-923-g6e406bff71 to
                  | 0.29-a0-973-gac7da5f7f0
 73005 | Vaults:5 | Entered Level 5 of the Vaults
 73347 | Vaults:4 | Reached skill level 5 in Long Blades
 74994 | Elf:2    | Reached skill level 10 in Translocations
 75017 | Elf:2    | Gained mutation: Your hexes are more powerful. [demonic
                  | ancestry]
 75017 | Elf:2    | Reached XP level 21. HP: 168/168 MP: 40/40
 75042 | Elf:2    | You fall into a shaft and drop 1 floor!
 76458 | D:14     | Killed Taheskul's ghost
 76662 | D:14     | Identified the +0 pair of gloves "Lol Rira" {rCorr Str+4
                  | Stlth+}
 76838 | D:8      | Killed Gastronok
 76927 | D:8      | Killed Maurice
 77026 | D:8      | Killed Amaemon
 77267 | D:6      | Killed Duvessa
 77267 | D:6      | Noticed Dowan
 77270 | D:6      | Killed Dowan
 78706 | Vaults:5 | Noticed a golden dragon
 78719 | Vaults:5 | Noticed an ancient lich
 78729 | Vaults:5 | HP: 3/168 [golden dragon (8)]
 78731 | Vaults:5 | Shot with a bolt by a yaktaur captain

Illustrated notes

Levels and vault maps discovered:
D:1:      minmay_arrival_stone_box, layout_loops_ring,
          dreamdust_ecumenical_altar_angels_and_demons
D:2:      layout_rooms, chequers_serial_rivers_micro_a
D:3:      layout_loops_cross, general_overflow_altar, kennysheep_boxes
D:4:      layout_rooms, hex_tiny
D:5:      layout_gridville, serial_shops, nicolae_take_the_stairs,
          grunt_tough_drop, uniq_menkaure
D:6:      layout_loops_ring, minmay_temple_entry_nine_rooms, uniq_duvessa
D:7:      minmay_flawed_box, layout_gridville, nicolae_ru_path_of_blood,
          chequers_decorated_corner, minmay_manual_mares
D:8:      cheibrodos_grave_circle, layout_cave_pods, uniq_maurice, uniq_amaemon,
          uniq_gastronok, uniq_pikel
D:9:      layout_small_grid, grunt_temple_overflow_open, david_lair_generic
D:10:     layout_loops_ring, orc_0_dummy, roderic_roman_lattice
D:11:     layout_irregular_city, uniq_sonja
D:12:     layout_grid_maze, palyth_stone_intersect, uniq_josephine,
          uniq_erolcha, uniq_jorgrun
D:13:     layout_roguey, david_vaults_4, cheibrodos_ashenzari_chains
D:14:     cheibrodos_elevator_heist, layout_long_grid, nrook_mini_backslash,
          ebering_ghost_funeral_grove
D:15:     grunt_enter_depths_hoard, layout_basic, serial_shops, shop,
          nicolae_integral_box, fiery_altar_vehumet, uniq_rupert
Temple:   bh_familiar_temple
Lair:1:   layout_cave_pods, uniq_erica
Lair:2:   lemuel_reptile_caves, layout_chaotic_city, lemuel_fruit_fields,
          grunt_megastairs_3
Lair:3:   layout_roguey, swamp_mist, dummy_snake_entry, uniq_fannar
Lair:4:   hellmonk_destroyed_diamonds, layout_layer_cave,
          gammafunk_ghost_cemetery, uniq_nessos
Lair:5:   minmay_lair_end_frog_pond, layout_layer_cave, slime_entry_1
Swamp:1:  layout_basic_swamp, evilmike_swamp_ruin_wall, nicolae_island_escapes
Swamp:2:  layout_basic_swamp, serial_swamp_ruin, evilmike_swamp_ruin_house_3,
          evilmike_swamp_ruin_rubble_2, evilmike_swamp_ruin_house_4
Swamp:3:  layout_basic_swamp, nicolae_swamp_godswood, swamp_pool5,
          hangedman_swamp_wriggling, infiniplex_staircase_pool
Swamp:4:  swamp_fiery, layout_basic_swamp
Snake:1:  layout_cave_shapes, serial_shops, shop, nicolae_snake_biting_tails,
          minmay_shoptagon
Snake:2:  layout_misc_corridors, nicolae_snake_salamander_jacuzzi
Snake:3:  layout_layer_cave, special_room
Snake:4:  grunt_snake_rune_pools, layout_cave_town, serial_shops,
          nicolae_diamond_shop
Orc:1:    nicolae_orc_accident_2, layout_caves
Orc:2:    st_orc_ogre_mass, layout_diamond_mine, nicolae_orc_bridge_out
Elf:1:    elf_arrival_002, layout_geoelf_octagon, minivault_28, drop_trap,
          dreamdust_princess_bridge, solitary_fountain, minmay_shop_grove
Elf:2:    elven_hall_of_blades_hangedman_alternative
          [nicolae_blade_entry_area_security], layout_gridlike, serial_shops,
          nicolae_shop_stone
Elf:3:    grunt_elf_hall_spiral, layout_loops_corners, serial_shops, shop, shop,
          nicolae_shop_window_shopping, shop, shop,
          gammafunk_ghost_wrathful_warriors, glass_columns_b
Vaults:1: gammafunk_ghost_split, ontoclasm_vaults_pinch, st_lines,
          ontoclasm_vaults_gateway, grunt_vaults_twisty, nicolae_vaults_theta,
          ontoclasm_vaults_shuriken, layout_vaults_quadrants
Vaults:2: v_alt_pattern_5, st_octagons_2, v_rooms_6, vaults_dpeg_doors,
          ontoclasm_vaults_ring_square, ontoclasm_vaults_ligature,
          vaults_room_fours, layout_vaults_ring
Vaults:3: vaults_room_grunt_arrival_ludios, v_misc_29,
          minmay_crypt_entry_simple_box, v_misc_16,
          vaults_room_hangedman_quadrants, vaults_room_ringed_pool,
          hangedman_vaults_cutoff, vaults_room_door_hall,
          nicolae_vaults_three_branches, grunt_vaults_hallway_short,
          layout_vaults_big_room, serial_shops, bzr_entry_gold
Vaults:4: v_misc_22, nicolae_vaults_murderbox, vaults_room_large_hall,
          vaults_dpeg_diagonal, hangedman_vaults_cutoff,
          nicolae_vaults_network_barrier,
          vaults_standard_mumra_enter_the_diamond, vaults_room_pools,
          layout_vaults_omnibox, uniq_xtahua
Vaults:5: serial_shops, uniq_sojobo

Skill      XL: |  1  2  3  4  5  6  7  8  9 10 11 12 13 14 15 16 17 18 19 20 21 |
---------------+----------------------------------------------------------------+-----
Stealth        | 2 3 8 11 16 17 | 17.3
Dodging        | 2 8 |  8.0
Ice Magic      | 4 5 7 8 10 | 10.0
Spellcasting   | 3 5 9 10 13 15 | 15.0
Short Blades   | 5 8 9 10 | 10.0
Shields        | 1 4 |  4.0
Fighting       | 5 9 10 13 15 | 15.0
Translocations | 3 5 10 | 10.0
Conjurations   | 6 8 |  8.0
Evocations     | 7 8 |  8.0
Ranged Weapons | 2 7 8 |  8.9
Necromancy     | 8 |  8.7
Earth Magic    | 4 5 |  5.0
Poison Magic   | 5 9 10 | 10.0
Air Magic      | 6 8 |  8.0
Long Blades    | 6 9 |  9.6

Action                   |  1- 3 |  4- 6 |  7- 9 | 10-12 | 13-15 | 16-18 | 19-21 || total
-------------------------+-------+-------+-------+-------+-------+-------+-------++-------
Melee: Short sword       |    61 |    51 |       |       |       |       |       ||   112
       Dagger            |       |    17 |   181 |   554 |  1247 |  1067 |   830 ||  3896
       Headbutt          |       |     2 |    35 |   148 |   393 |   315 |   331 ||  1224
       Punch             |       |     1 |     6 |       |       |       |       ||     7
       Long sword        |       |       |       |       |       |       |   163 ||   163
 Fire: Sling             |       |       |       |       |    35 |   562 |    84 ||   681
Throw: Dart              |       |       |     4 |     3 |     3 |     2 |       ||    12
       Throwing net      |       |       |       |       |     1 |     2 |       ||     3
 Cast: Freeze            |    41 |    22 |       |       |     3 |       |     2 ||    68
       Frozen Ramparts   |       |     8 |    14 |    26 |    53 |    44 |    20 ||   165
       Ozocubu's Armour  |       |       |     8 |     8 |    14 |    12 |    12 ||    54
       Blink             |       |       |       |       |     2 |     7 |     9 ||    18
       Hailstorm         |       |       |       |       |     5 |    45 |    23 ||    73
       Stone Arrow       |       |       |       |       |       |    17 |     5 ||    22
       Vampiric Draining |       |       |       |       |       |     7 |     5 ||    12
       Mephitic Cloud    |       |       |       |       |       |     3 |     5 ||     8
       Olgreb's Toxic Ra |       |       |       |       |       |     2 |    12 ||    14
       Dispel Undead     |       |       |       |       |       |       |     6 ||     6
       Iskenderun's Myst |       |       |       |       |       |       |    12 ||    12
       Airstrike         |       |       |       |       |       |       |    11 ||    11
Invok: Call Merchant     |       |       |       |       |     2 |       |       ||     2
       Potion Petition   |       |       |       |       |     1 |     4 |     4 ||     9
       Bribe Branch      |       |       |       |       |       |       |     1 ||     1
Evoke: Wand              |       |       |     1 |       |    28 |    22 |     9 ||    60
       Condenser vane    |       |       |       |       |     1 |     2 |     1 ||     4
       Lightning rod     |       |       |       |       |       |    22 |     8 ||    30
       Tin of tremorston |       |       |       |       |       |       |     2 ||     2
       Phantom mirror    |       |       |       |       |       |       |     1 ||     1
  Use: Potion            |     1 |       |     3 |     2 |     5 |     9 |     7 ||    27
       Scroll            |       |    15 |     6 |    10 |    16 |    17 |    15 ||    79
 Stab: Sleeping          |     4 |     7 |     6 |    27 |    47 |    62 |    74 ||   227
       Distracted        |       |       |     1 |    11 |    21 |    19 |    26 ||    78
       Invisible         |       |       |       |       |     2 |     1 |     2 ||     5
       Held in net/web   |       |       |       |       |     1 |     1 |       ||     2
       Confused          |       |       |       |       |       |     1 |       ||     1
Armor: Robe              |    17 |    14 |    33 |    59 |   111 |    77 |    80 ||   391
Dodge: Dodged            |    88 |    46 |    79 |   138 |   330 |   448 |   492 ||  1621
       Repelled          |       |       |       |       |     1 |    41 |    13 ||    55
Block: Other             |       |     7 |    15 |       |       |       |       ||    22
       Buckler           |       |       |     8 |   134 |   405 |   459 |   497 ||  1503
       Reflection        |       |       |       |       |       |     6 |    28 ||    34

Table legend: (Time is in decaauts)
 A = Elapsed time spent in this place.
 B = Non-inter-level travel time spent in this place.
 C = Inter-level travel time spent in this place.
 D = Time resting spent in this place.
 E = Time spent auto-exploring this place.
 F = Levels seen in this place.
 G = Mean time per level.
                   A        B        C        D        E       F      G
               +--------+--------+--------+--------+--------+-----+--------+
         Total |  77469 |  73140 |   4329 |  31690 |  22843 |  41 | 1889.5 |
       Dungeon |  23462 |  21401 |   2061 |   6395 |   9390 |  15 | 1564.1 |
        Temple |    221 |    192 |     29 |      0 |    171 |   1 |  221.0 |
          Lair |   9048 |   8438 |    610 |   2519 |   3422 |   5 | 1809.6 |
         Swamp |   7558 |   7336 |    222 |   3932 |   1572 |   4 | 1889.5 |
     Snake Pit |  11536 |  11218 |    318 |   6213 |   2071 |   4 | 2884.0 |
  Orcish Mines |   2631 |   2323 |    308 |    234 |   1284 |   2 | 1315.5 |
   Elven Halls |   8839 |   8510 |    329 |   4322 |   1752 |   3 | 2946.3 |
        Vaults |  13777 |  13328 |    449 |   7970 |   3179 |   5 | 2755.4 |
         Abyss |    293 |    293 |      0 |    104 |      0 |   1 |  293.0 |
        Bazaar |     98 |     98 |      0 |      0 |      0 |   1 |   98.0 |
               +--------+--------+--------+--------+--------+-----+--------+

Top non-repeatable levels by time:
 Snake:4: 5778 daAuts
   Elf:3: 4417 daAuts
Vaults:1: 3856 daAuts
Vaults:4: 3757 daAuts
Vaults:3: 3400 daAuts
  Lair:5: 2986 daAuts
 Swamp:3: 2925 daAuts
Vaults:2: 2690 daAuts
     D:8: 2607 daAuts
 Snake:3: 2433 daAuts
   Elf:1: 2373 daAuts
 Snake:1: 2263 daAuts
    D:14: 2201 daAuts
 Swamp:1: 2140 daAuts
  Lair:2: 2096 daAuts
